 Dungeon Crawl Stone Soup version 0.21.1-1-g345015f (webtiles) character file.

383209 poirepourri the Bludgeoner (level 22, 0/147 HPs)
             Began as a Gargoyle Fighter on July 11, 2018.
             Was a High Priest of Cheibriados.
             Killed from afar by a starcursed mass (10 damage)
             ... with an accursed screaming
             ... on level 2 of the Abyss.
             The game lasted 01:29:38 (48868 turns).

poirepourri the Bludgeoner (Gargoyle Fighter)      Turns: 48868, Time: 01:29:39

Health: 0/147      AC: 43    Str: 29      XL:     22   Next: 93%
Magic:  22/33      EV: 25    Int: 23 (24) God:    Cheibriados [*****.]
Gold:   1443       SH: 27    Dex: 34      Spells: 15/21 levels left

rFire    . . .     SeeInvis +   a - +7 flail (freeze)
rCold    . . .     Gourm    .   c - +5 shield
rNeg     + + +     Faith    .   G - +6 scale mail {rN+}
rPois    ∞         Spirit   .   o - +0 helmet
rElec    +         Reflect  +   A - +2 cloak {rPois}
rCorr    .         Harm     .   q - +2 pair of gloves
MR       +....                  U - +2 pair of boots of Amelioration {Regen+}
Stlth    +.........             I - +4 amulet of reflection
HPRegen  0.00/turn              Y - ring "Suus" {rN+ Int+3 Dex+4 SInv}
MPRegen  0.23/turn              x - +5 ring of dexterity

@: very slow
A: big wings, [blurry vision 2], [clumsy 2], [deterioration 1], dopey 1[+1],
negative energy resistance 1, electricity resistance, [inhibited regeneration],
[weak 2], unbreathing, petrification resistance, [no potion heal 2], rot
immunity, AC +16
}: 2/15 runes: decaying, gossamer
a: Fly, Bend Time, Temporal Distortion, Slouch, Step From Time, Renounce
Religion


You were on level 2 of the Abyss.
You worshipped Cheibriados.
Cheibriados was extremely pleased with you.
You were not hungry.

You visited 9 branches of the dungeon, and saw 40 of its levels.
You visited the Abyss 3 times.
You also visited: Labyrinth.

You collected 4366 gold pieces.
You spent 2923 gold pieces at shops.

Inventory:

Hand Weapons
 a - a +7 flail of freezing (weapon)
 b - a +2 hand crossbow of velocity
Missiles
 j - 1117 bolts
 W - 10 javelins (quivered)
Armour
 c - a +5 shield (worn)
 h - the +1 chain mail of Kemetep {+Inv rN+ Int+10}
   (You found it on level 3 of the Elven Halls)

   It affects your intelligence (+10).
   It protects you from negative energy.
   It lets you turn invisible.
 o - a +0 helmet (worn)
 q - a +2 pair of gloves (worn)
 A - a +2 cloak of poison resistance (worn)
 G - a +6 scale mail of positive energy (worn)
 U - the +2 pair of boots of Amelioration (worn) {Regen+}
   (You found it on level 1 of the Vaults)

   It increases your rate of regeneration.
Jewellery
 d - an uncursed ring of stealth
 e - an uncursed ring of fire
 l - an uncursed ring of magical power
 m - an uncursed amulet of regeneration
 n - an uncursed amulet of the gourmand
 r - an uncursed ring of ice
 x - a +5 ring of dexterity (right hand)
 I - a +4 amulet of reflection (around neck)
 J - an uncursed ring of resist corrosion
 T - an uncursed amulet of guardian spirit
 X - an uncursed ring of wizardry
 Y - the ring "Suus" (left hand) {rN+ Int+3 Dex+4 SInv}
   (You acquired it on level 15 of the Dungeon)

   [ring of intelligence]

   It affects your intelligence (+3).
   It affects your dexterity (+4).
   It protects you from negative energy.
   It lets you see invisible.
Wands
 p - a wand of iceblast (50)
 u - a wand of flame (92)
 v - a wand of disintegration (10)
 y - a wand of digging (39)
 z - a wand of polymorph (13)
 B - a wand of paralysis (68)
 D - a wand of enslavement (28)
 Q - a wand of acid (6)
Scrolls
 i - a scroll of teleportation
 w - a scroll of fog
 E - a scroll of amnesia
 F - 6 scrolls of identify
 M - 7 scrolls of blinking
 O - 10 scrolls of remove curse
Potions
 g - 18 potions of curing
 k - 2 potions of cancellation
 s - 5 potions of mutation
 t - a potion of magic
 K - 3 potions of might
 N - 7 potions of ambrosia
 R - 3 potions of agility
Books
 V - the Guide on Stones
   (You found it on level 2 of the Vaults)

   Spells                             Type                      Level
   a - Sandblast                      Earth                        1
   b - Passwall                       Transmutation/Earth          2
   c - Stone Arrow                    Conjuration/Earth            3
   d - Leda's Liquefaction            Hexes/Earth                  4
   e - Lee's Rapid Deconstruction     Earth                        5
   f - Statue Form                    Transmutation/Earth          6
Comestibles
 f - 37 rations


   Skills:
 - Level 18.0 Fighting
 + Level 19.0 Maces & Flails
 - Level 17.0 Crossbows
 - Level 10.1 Armour
 - Level 12.3 Dodging
 - Level 17.2 Shields
 - Level 15.1 Invocations
 - Level 5.2 Evocations


You had 15 spell levels left.
You knew the following spells:

 Your Spells              Type           Power        Failure   Level  Hunger
a - Blink                 Tloc           N/A          41%         2    ###....
b - Passage of Golubria   Tloc           N/A          96%         4    #####..


Dungeon Overview and Level Annotations

Branches:
Dungeon (15/15)            Temple (1/1) D:5            Lair (6/6) D:10
  Swamp (4/4) Lair:3       Spider (4/4) Lair:2        Slime (0/5) Lair:5
    Orc (2/2) D:11            Elf (3/3) Orc:2        Vaults (4/5) D:14
  Crypt (0/3) Vaults:3     Depths (1/5) D:15

Altars:
Ashenzari
Cheibriados
Dithmenos
Elyvilon
Fedhas
Gozag
Hepliaklqana
Kikubaaqudgha
Makhleb
Nemelex Xobeh
Okawaru
Qazlal
Ru
Sif Muna
Trog
Uskayaw
Vehumet
Wu Jian
Xom
Yredelemnul
Zin
The Shining One
Jiyva

Shops:
D:8 [   D:11 [   Orc:2 *%((   Elf:1 =   Elf:3 !![   Vaults:1 =[   Vaults:2 *
Vaults:4 !

Annotations:
D:7 1 runed door


Innate Abilities, Weirdness & Mutations

You are resistant to torment.
Your stone body is resilient. (AC +16)
You are immune to poison.
Your large and strong wings let you fly indefinitely.
You resist negative energy. (rN+)
You are resistant to electric shocks. (rElec)
You can survive without breathing.
You are immune to petrification.
You are immune to rotting.
[Scrolls take you longer to read.]
[You are very clumsy. (Dex -4)]
[Your body sometimes deteriorates upon taking damage.]
[You are very dopey. (Int -4)]
[You do not regenerate when monsters are visible.]
[You are very weak. (Str -4)]
[Potions are poor at restoring your health.]


Message History

A deafening chorus of shrieks assaults your mind!
* * * LOW HITPOINT WARNING * * *
You shrug off the repeated paralysis!
Two slime creatures merge to form a large slime creature.
The starcursed mass engulfs you but does no damage.
Unknown command.
Your system partially rejects the healing.
You feel better.
The raiju barks!
The rakshasa weaves an illusion.
You block the very large slime creature's attack.
The fire crab misses you. You block the fire crab's attack.
The starcursed mass misses you.
Unknown command.
Your system partially rejects the healing.
You feel better.
You block the very large slime creature's attack.
You block the fire crab's attack. x2
A deafening chorus of shrieks assaults your mind!
You die...

...### . ## #
.##.#.# .###. ..
.# #.....#.....###
.# ........h....
.# #........#.. .
#.......# . . .
##.# .†## . .# #
#. #.##XJ#t..##.
.. # . #.
.§#XXX@....### . #
.
#....JyX##......#.
... ###.#J #
##..#..... # #...
. # .## ... .## #≈
%.R#..#.#
###...... ## #!##.
. # #. .. ..%$ ...
####. .. # ...# ##
## . #.. # . . #


You could see 5 starcursed masses, a rakshasa, a very large slime creature, a
large slime creature, a slime creature, a fire crab shaped shifter, a queen bee
shaped shifter and a raiju.

Vanquished Creatures
  the Lernaean hydra (Swamp:4)
  Jory (Vaults:4)
  A bone dragon (Vaults:3)
  Asterion (Elf:1)
  2 deep elf blademasters (Elf:3)
  4 tentacled starspawn
  An acid blob (Lair:5)
  A sphinx (Vaults:4)
  Agnes (D:15)
  Roxanne (Spider:2)
  2 tengu reavers (Vaults:4)
  2 azure jellies (Vaults:2)
  An iron dragon (Vaults:2)
  3 ghost moths
  4 fire giants
  9 deep elf sorcerers
  A cacodemon (Abyss:3)
  2 orc warlords
  8 vault wardens
  Aizul (Vaults:3)
  6 emperor scorpions (Spider:4)
  6 deep elf elementalists (Elf:3)
  8 ironheart preservers
  A war gargoyle (Vaults:4)
  9 very ugly things
  5 stone giants
  2 entropy weavers (Spider:2)
  5 deep elf demonologists
  6 deep elf annihilators
  5 dire elephants (Lair:6)
  An ettin (Vaults:4)
  A fire dragon (Vaults:2)
  2 crystal guardians
  A minotaur (Lab)
  8 deep elf death magi
  5 deep elf high priests
  3 ice dragons
  4 great orbs of eyes
  Fannar (D:10)
  17 ogre magi
  5 yaktaur captains
  17 hydras
  8 alligators
  A ghost crab (Swamp:2)
  An anaconda (Lair:6)
  3 centaur warriors
  43 two-headed ogres
  Erica (D:10)
  22 dancing weapons
  A death knight (D:15)
  2 catoblepae
  2 tengu warriors (D:13)
  The ghost of dscm the Geomancer, a novice OpEE of Ashenzari (D:9)
  A deep troll earth mage (Vaults:3)
  4 thrashing horrors
  3 hell hogs (Abyss:2)
  Sonja (D:15)
  A hell knight (Vaults:1)
  2 wretched stars (Abyss:2)
  32 deep elf knights
  2 shadow demons (Abyss:2)
  2 sixfirhies (Abyss:3)
  3 unseen horrors
  A sea snake (Vaults:2)
  9 skeletal warriors
  A flayed ghost (Vaults:1)
  A death drake (Vaults:2)
  10 swamp dragons
  3 wizards
  9 deep elf archers
  3 deep trolls (Vaults:3)
  4 harpies (Vaults:4)
  10 ironbrand convokers
  2 necromancers (Vaults:1)
  A harpy (shapeshifter) (Vaults:2)
  10 orc knights
  A mana viper (Vaults:2)
  A wolf spider zombie (D:15)
  16 orb spiders
  25 wolf spiders
  33 ugly things
  3 cyclopes
  4 orc sorcerers
  91 deep elf magi
  A frost giant zombie (Abyss:3)
  A manticore (D:15)
  2 moths of wrath
  19 elephants
  2 centaur zombies
  A stone giant skeleton (Vaults:1)
  5 black mambas
  Joseph (D:8)
  2 ice statues (Vaults:2)
  13 spiny frogs
  4 apocalypse crabs (Abyss:3)
  A guardian serpent (shapeshifter) (Vaults:3)
  An orange demon (Abyss:3)
  A black mamba (shapeshifter) (Elf:3)
  7 vault sentinels
  2 torpor snails
  3 naga magi (Vaults:2)
  2 gargoyles
  8 demonic crawlers
  A rime drake (Lair:1)
  3 freezing wraiths
  35 yaktaurs
  8 komodo dragons
  A hellwing (Abyss:2)
  3 efreet
  A yaktaur skeleton (Vaults:1)
  A queen bee (shapeshifter) (Vaults:1)
  8 trolls
  Grinder (D:5)
  38 jumping spiders
  A harpy skeleton (D:14)
  8 hippogriffs
  7 tyrant leeches
  11 bog bodies
  The ghost of emiel the Shield-Bearer, an amateur FoFi (D:10)
  2 raiju (shapeshifter)
  14 hornets
  5 small abominations
  30 blink frogs
  32 slime creatures
  An ettin zombie (Vaults:1)
  3 raiju (Abyss:2)
  11 large abominations
  A ynoxinul (Abyss:2)
  A flying skull (Abyss:3)
  A shadow (Swamp:1)
  68 redbacks
  A spriggan (shapeshifter) (D:14)
  10 water elementals
  6 air elementals
  5 wyverns
  A spriggan (Swamp:4)
  16 tarantellas
  A human (D:8)
  22 yaks
  A basilisk (shapeshifter) (Vaults:2)
  4 hogs
  3 basilisks
  15 vampire mosquitoes
  2 golden eyes (Abyss:2)
  2 fire elementals (Elf:1)
  A steam dragon (shapeshifter) (Elf:2)
  A chaos spawn (Abyss:3)
  A neqoxec (Abyss:2)
  6 hungry ghosts
  21 swamp worms
  4 wargs
  13 insubstantial wisps
  A harpy simulacrum (Vaults:2)
  2 spatial vortices (Vaults:2)
  2 hydra simulacra (Vaults:2)
  An acid dragon (shapeshifter) (Abyss:2)
  A naga (shapeshifter) (Vaults:3)
  12 water moccasins
  An acid dragon (Vaults:1)
  Duvessa (D:7)
  10 porcupines
  2 eyes of draining
  2 black bears
  11 swamp drakes
  41 orc warriors
  5 sky beasts
  5 ice beasts
  55 ogres
  7 boggarts
  9 necrophages
  An ettin simulacrum (Vaults:1)
  8 wolves
  14 centaurs
  A big kobold (D:9)
  8 crocodiles
  17 bullfrogs
  3 earth elementals
  A wyvern zombie (D:6)
  5 scorpions
  Dowan (D:7)
  A water moccasin zombie (D:5)
  9 killer bees
  2 wyvern skeletons
  2 elephant simulacra (Vaults:2)
  7 electric eels
  A vampire bat (Vaults:2)
  2 spriggan skeletons (Lab)
  10 wights
  3 howler monkeys (D:10)
  2 quasits (Abyss:3)
  3 crimson imps
  14 starcursed masses
  2 bullfrog zombies (D:13)
  2 jellies
  5 hounds
  13 orc priests
  4 centaur skeletons
  A bullfrog skeleton (D:9)
  19 orc wizards
  2 iguanas
  6 worker ants
  A troll simulacrum (Vaults:2)
  A hound zombie (D:9)
  4 hound skeletons
  A howler monkey zombie (D:10)
  2 howler monkey skeletons
  7 gnolls
  11 adders
  2 naga simulacra (Vaults:2)
  4 shadow imps
  An ooze (D:4)
  2 worms
  6 leopard geckos
  87 orcs
  4 giant cockroaches
  9 goblins
  11 hobgoblins
  13 jackals
  17 kobolds
  4 quokkas
  3 ball pythons
  8 bats
  4 frilled lizards
  A giant cockroach zombie (D:5)
  2 jackal skeletons (D:4)
  10 rats
  2 crawling corpses (Elf:3)
  3 plants (Lair:6)
  A starspawn tentacle (Abyss:3)
1606 creatures vanquished.

Vanquished Creatures (others)
  A deep elf master archer (Elf:3)
  An eldritch tentacle (Vaults:2)
  A vault warden (Vaults:4)
  2 stone giants
  A yaktaur captain (Vaults:1)
  4 centaur warriors
  A dancing weapon (Elf:2)
  An ogre mage (D:14)
  A hell hog (Abyss:2)
  2 deep elf knights
  6 deep elf archers
  2 deep elf magi
  A cyclops (D:12)
  A spiny frog (Swamp:2)
  17 yaktaurs
  A bog body (Swamp:4)
  A slime creature (Abyss:2)
  2 blink frogs (Swamp:2)
  2 redbacks
  A sky beast (D:6)
  2 boggarts
  13 centaurs
  An ogre (Vaults:3)
  An orc wizard (D:9)
  A gnoll (D:10)
  An orc (Vaults:3)
  2 bushes
  10 fungi
  8 plants
  13 starspawn tentacles
101 creatures vanquished.

Grand Total: 1707 creatures vanquished

Notes
Turn   | Place    | Note
-------+----------+-------------------------------------------
     0 | D:1      | poirepourri the Gargoyle Fighter began the quest for the Orb.
     0 | D:1      | Reached XP level 1. HP: 14/14 MP: 1/1
   105 | D:1      | Reached XP level 2. HP: 15/19 MP: 2/2
   145 | D:1      | Reached skill level 3 in Maces & Flails
   483 | D:1      | Reached XP level 3. HP: 23/23 MP: 3/3
  1136 | D:2      | Reached skill level 4 in Maces & Flails
  1243 | D:2      | Found a sacrificial altar of Ru.
  1353 | D:2      | Reached XP level 4. HP: 24/28 MP: 4/4
  1858 | D:3      | Found a shadowy altar of Dithmenos.
  2222 | D:3      | Reached skill level 5 in Maces & Flails
  2222 | D:3      | Reached XP level 5. HP: 11/32 MP: 5/5
  3093 | D:4      | Noticed an ogre
  3104 | D:4      | Killed an ogre
  3104 | D:4      | Reached skill level 5 in Fighting
  3104 | D:4      | Reached XP level 6. HP: 25/40 MP: 6/6
  3309 | D:4      | Reached XP level 7. HP: 22/47 MP: 7/7
  3426 | D:5      | Entered Level 5 of the Dungeon
  3460 | D:5      | Found a white marble altar of Elyvilon.
  3466 | D:5      | Noticed Grinder
  3483 | D:5      | Killed Grinder
  3990 | D:5      | Found a transporter.
  4004 | D:5      | Found a transporter.
  4009 | D:5      | Found a staircase to the Ecumenical Temple.
  4023 | D:5      | Reached skill level 6 in Maces & Flails
  4023 | D:5      | Reached XP level 8. HP: 54/54 MP: 8/8
  4027 | Temple   | Entered the Ecumenical Temple
  4188 | Temple   | Became a worshipper of Cheibriados the Contemplative
  4337 | D:5      | Reached skill level 7 in Maces & Flails
  4375 | D:5      | Found a sparkling altar of Nemelex Xobeh.
  4581 | D:5      | Found a hazy altar of Hepliaklqana.
  4629 | D:5      | Reached skill level 8 in Maces & Flails
  4706 | D:5      | Reached skill level 1 in Dodging
  5047 | D:6      | Reached XP level 9. HP: 59/59 MP: 9/9
  5076 | D:6      | Reached * piety under Cheibriados
  5277 | D:6      | Reached skill level 5 in Dodging
  5360 | D:6      | Got a brightly glowing ring mail
  5371 | D:6      | Identified the +0 ring mail of Dim Light {+Fly} (You found it on level 6 of the Dungeon)
  5504 | D:6      | Found Zin's Purification Station.
  5510 | D:6      | Found a glowing silver altar of Zin.
  5519 | D:6      | Bought a potion of curing for 90 gold pieces
  5988 | D:7      | Noticed a sixfirhy
  5989 | D:7      | Found a runed door.
  6036 | D:7      | Noticed Duvessa
  6036 | D:7      | Noticed Dowan
  6049 | D:7      | Killed Duvessa
  6069 | D:7      | Killed Dowan
  6069 | D:7      | Reached ** piety under Cheibriados
  6167 | D:7      | Found an ornate altar of the Wu Jian Council.
  6404 | D:7      | Found an iron altar of Okawaru.
  6407 | D:7      | Found a radiant altar of Vehumet.
  6410 | D:7      | Found a shimmering altar of Xom.
  6413 | D:7      | Found an opulent altar of Gozag.
  6759 | D:8      | Noticed a two-headed ogre
  6760 | D:8      | Noticed Joseph
  6785 | D:7      | Killed a two-headed ogre
  7049 | D:8      | Killed Joseph
  7049 | D:8      | Reached skill level 5 in Shields
  7049 | D:8      | Reached XP level 10. HP: 41/64 MP: 10/10
  7179 | D:8      | Found Ryluisi's Antique Armour Shop.
  7205 | D:8      | Bought an obsidian-encrusted scale mail for 180 gold pieces
  7205 | D:8      | Bought a glowing cloak for 150 gold pieces
  7215 | D:8      | Identified the cursed +1 scale mail of the Slorg {Int+3} (You bought it in a shop on level 8 of the Dungeon)
  7691 | D:9      | Noticed dscm's ghost (novice OpEE)
  7695 | D:9      | Reached *** piety under Cheibriados
  7696 | D:9      | Noticed a deep elf mage
  7731 | D:9      | Noticed a two-headed ogre
  7938 | D:8      | Killed a two-headed ogre
  7989 | D:9      | Killed a deep elf mage
  7989 | D:9      | Reached skill level 10 in Shields
  8005 | D:9      | Killed dscm's ghost
  8005 | D:9      | Reached XP level 11. HP: 49/68 MP: 11/11
  8242 | D:9      | Reached **** piety under Cheibriados
  8256 | D:9      | Noticed a two-headed ogre
  8286 | D:8      | Noticed a two-headed ogre
  8555 | D:9      | Reached skill level 9 in Maces & Flails
  9064 | D:9      | Found a hide-covered altar of Uskayaw.
  9160 | D:10     | Entered Level 10 of the Dungeon
  9226 | D:10     | Found an opulent altar of Gozag.
  9300 | D:10     | Killed an unseen horror
  9300 | D:10     | Reached skill level 10 in Maces & Flails
  9308 | D:10     | Noticed emiel's ghost (amateur FoFi)
  9315 | D:10     | Noticed Erica
  9320 | D:10     | Reached ***** piety under Cheibriados
  9325 | D:10     | Noticed Fannar
  9331 | D:10     | Killed Erica
  9337 | D:10     | Killed emiel's ghost
  9369 | D:10     | Reached skill level 11 in Maces & Flails
  9597 | D:10     | Found a staircase to the Lair.
  9719 | D:10     | Killed Fannar
 10148 | D:11     | Found a labyrinth entrance.
 10148 | D:11     | Noticed a four-headed hydra
 10155 | D:11     | Killed a four-headed hydra
 10185 | Lab      | Entered a labyrinth
 10235 | Lab      | Reached skill level 12 in Maces & Flails
 10246 | Lab      | Reached XP level 12. HP: 73/73 MP: 12/12
 10678 | Lab      | Noticed a minotaur
 10687 | Lab      | Killed a minotaur
 10775 | D:11     | Learned a level 2 spell: Blink
 10850 | D:11     | Reached skill level 13 in Maces & Flails
 10965 | D:11     | Found Wazayso's Armour Shop.
 11146 | Lair:1   | Entered Level 1 of the Lair of Beasts
 11660 | Lair:1   | Reached skill level 14 in Maces & Flails
 11682 | Lair:1   | Reached ****** piety under Cheibriados
 12528 | Lair:2   | Found a hole to the Spider Nest.
 12887 | Lair:3   | Reached skill level 10 in Fighting
 13143 | Lair:3   | Reached XP level 13. HP: 76/82 MP: 13/13
 13322 | Lair:3   | Found a staircase to the Swamp.
 14810 | Lair:5   | Reached skill level 5 in Armour
 15007 | Lair:5   | Found a runed door.
 15008 | Lair:5   | Found a viscous altar of Jiyva.
 15008 | Lair:5   | Noticed an acid blob
 15014 | Lair:5   | Found a staircase to the Slime Pits.
 15034 | Lair:5   | Killed an acid blob
 15920 | Lair:6   | Entered Level 6 of the Lair of Beasts
 16175 | Lair:6   | Gained mutation: Your large and strong wings let you fly indefinitely. [Gargoyle growth]
 16175 | Lair:6   | Reached XP level 14. HP: 59/92 MP: 14/14
 17564 | Lair:6   | Noticed a dire elephant
 17564 | Lair:6   | Noticed a dire elephant
 17576 | Lair:6   | Noticed a dire elephant
 17587 | Lair:6   | Killed a dire elephant
 17706 | Lair:6   | Noticed a dire elephant
 17716 | Lair:6   | Killed a dire elephant
 17877 | Lair:6   | Killed a dire elephant
 17926 | Lair:6   | Killed a dire elephant
 17947 | Lair:6   | Noticed a dire elephant
 17961 | Lair:6   | Killed a dire elephant
 18440 | D:11     | Found a staircase to the Orcish Mines.
 18818 | D:12     | Reached skill level 15 in Shields
 19137 | D:12     | Reached skill level 1 in Crossbows
 20094 | D:13     | Reached skill level 5 in Crossbows
 20635 | D:13     | Reached XP level 15. HP: 96/96 MP: 15/15
 21258 | D:14     | Reached skill level 10 in Crossbows
 21481 | D:15     | Entered Level 15 of the Dungeon
 21494 | D:15     | Noticed Agnes
 21510 | D:15     | Killed Agnes
 21677 | D:15     | Identified a scroll of acquirement
 21712 | D:15     | Reached skill level 1 in Invocations
 21769 | D:15     | Found a staircase to the Depths.
 21770 | D:15     | Noticed a fire giant
 21786 | D:15     | Killed a fire giant
 22002 | D:15     | Noticed Sonja
 22224 | D:14     | Reached skill level 5 in Invocations
 22912 | D:14     | Found a gate to the Vaults.
 23404 | D:15     | Got a scintillating ivory ring
 23405 | D:15     | Identified the ring "Suus" {rN+ Int+3 Dex+4 SInv} (You acquired it on level 15 of the Dungeon)
 23422 | D:15     | Killed Sonja
 23962 | Orc:1    | Entered Level 1 of the Orcish Mines
 23962 | Orc:1    | Noticed an orc warlord
 24033 | D:11     | Killed an orc warlord
 24354 | Orc:1    | Reached skill level 10 in Invocations
 24421 | Orc:1    | Reached XP level 16. HP: 101/101 MP: 23/23
 24691 | Orc:2    | Entered Level 2 of the Orcish Mines
 24900 | Orc:2    | Found Raubb's Weapon Boutique.
 24900 | Orc:2    | Found Faliol's Food Shoppe.
 25067 | Orc:2    | Found Buc Kei's Assorted Antiques.
 25067 | Orc:2    | Found Refum's Antique Weapon Shoppe.
 25081 | Orc:2    | Bought an agate-encrusted ring mail for 180 gold pieces
 25081 | Orc:2    | Bought a scroll of identify for 40 gold pieces
 25083 | Orc:2    | Identified the +3 ring mail "Xifonni" {rPois rCorr} (You bought it in a shop on level 2 of the Orcish Mines)
 25099 | Orc:2    | Bought a ration for 60 gold pieces
 25099 | Orc:2    | Bought a ration for 60 gold pieces
 25099 | Orc:2    | Bought a ration for 60 gold pieces
 25099 | Orc:2    | Bought a ration for 60 gold pieces
 25099 | Orc:2    | Bought a ration for 60 gold pieces
 25099 | Orc:2    | Bought a ration for 60 gold pieces
 25203 | Orc:2    | Found a staircase to the Elven Halls.
 25725 | Swamp:1  | Entered Level 1 of the Swamp
 25818 | Swamp:1  | Reached skill level 10 in Dodging
 26488 | Lair:3   | Learned a level 4 spell: Passage of Golubria
 28070 | Swamp:4  | Entered Level 4 of the Swamp
 28713 | Swamp:3  | Reached XP level 17. HP: 67/108 MP: 24/24
 29481 | Swamp:4  | Noticed the 27-headed Lernaean hydra
 29488 | Swamp:4  | Killed the 27-headed Lernaean hydra
 29498 | Swamp:4  | Got a decaying rune of Zot
 29984 | Spider:1 | Entered Level 1 of the Spider Nest
 30232 | Spider:1 | Reached skill level 15 in Fighting
 30692 | Spider:2 | Noticed Roxanne
 30714 | Spider:2 | Killed Roxanne
 32115 | Spider:3 | Reached XP level 18. HP: 120/120 MP: 25/25
 32471 | Spider:4 | Entered Level 4 of the Spider Nest
 33414 | Spider:4 | Got a gossamer rune of Zot
 34009 | Elf:1    | Entered Level 1 of the Elven Halls
 34033 | Orc:2    | Reached skill level 15 in Maces & Flails
 34290 | Elf:1    | Noticed Asterion
 34313 | Elf:1    | Killed Asterion
 34448 | Elf:1    | Found Qomyck's Jewellery Emporium.
 34823 | Elf:1    | Reached skill level 1 in Evocations
 35006 | Elf:1    | Reached XP level 19. HP: 125/125 MP: 28/28
 35246 | Elf:2    | Reached skill level 5 in Evocations
 35494 | Elf:2    | Found a magical portal.
 35578 | Elf:2    | Found a runed gate.
 35578 | Elf:2    | Found a runed gate.
 35579 | Elf:2    | Found a runed gate.
 35783 | Elf:2    | Reached skill level 16 in Maces & Flails
 36502 | Elf:3    | Entered Level 3 of the Elven Halls
 36502 | Elf:3    | Found Boitwut's Antique Armour Shop.
 36594 | Elf:3    | Cast into level 2 of the Abyss (a deep elf sorcerer)
 36736 | Elf:3    | Escaped the Abyss
 36746 | Elf:3    | Reached skill level 17 in Maces & Flails
 37223 | Elf:3    | Got a bloodstained chain mail
 37234 | Elf:3    | Identified the cursed +1 chain mail of Kemetep {+Inv rN+ Int+10} (You found it on level 3 of the Elven Halls)
 37400 | Elf:3    | Found Fiut Guf's Distillery.
 37481 | Elf:3    | Bought a potion of heal wounds for 75 gold pieces
 37481 | Elf:3    | Bought a potion of heal wounds for 75 gold pieces
 37481 | Elf:3    | Bought a potion of agility for 60 gold pieces
 37481 | Elf:3    | Bought a potion of curing for 45 gold pieces
 37481 | Elf:3    | Bought a potion of curing for 45 gold pieces
 37481 | Elf:3    | Bought a potion of might for 60 gold pieces
 37481 | Elf:3    | Bought a potion of agility for 60 gold pieces
 37580 | Elf:3    | Bought a pair of embroidered gloves for 217 gold pieces
 37639 | Elf:3    | Found Vahewuh's Distillery.
 37663 | Elf:3    | Bought a potion of heal wounds for 105 gold pieces
 37663 | Elf:3    | Bought a potion of curing for 63 gold pieces
 37663 | Elf:3    | Bought a potion of agility for 84 gold pieces
 37663 | Elf:3    | Bought a potion of curing for 63 gold pieces
 37754 | Elf:3    | Got a brightly glowing marble ring
 37811 | Elf:3    | Noticed a Brimstone Fiend
 37813 | Elf:3    | Noticed an Ice Fiend
 37815 | Elf:3    | Reached XP level 20. HP: 130/132 MP: 29/29
 37816 | Elf:3    | Cast into level 3 of the Abyss (a deep elf demonologist)
 37889 | Abyss:3  | Gained mutation: [You are dopey. (Int -2)] [a cacodemon]
 38086 | Abyss:3  | Paralysed by accursed screaming for 1 turns
 38102 | Abyss:3  | Identified the ring "Noqafux" {rPois rC+ rN+ Str-4} (You took it off a deep elf high priest on level 3 of the Elven Halls)
 38314 | Abyss:3  | Paralysed by an apocalypse crab for 6 turns
 38333 | Elf:3    | Escaped the Abyss
 38732 | Depths:1 | Entered Level 1 of the Depths
 38790 | Vaults:1 | Entered Level 1 of the Vaults
 39412 | Vaults:1 | Found Ezenus's Armour Shop.
 39623 | Vaults:1 | Got a pair of steaming boots
 39634 | Vaults:1 | Identified the +2 pair of boots of Amelioration {Regen+} (You found it on level 1 of the Vaults)
 40632 | Vaults:1 | Found Cyazomo's Jewellery Shoppe.
 40789 | Vaults:1 | Bought a +5 ring of dexterity for 659 gold pieces
 40964 | Vaults:2 | Reached skill level 15 in Invocations
 41399 | Vaults:2 | Identified the Guide on Stones
 41602 | Vaults:2 | Found Navebeb's General Store.
 41615 | Vaults:2 | Bought a potion of might for 72 gold pieces
 41797 | Vaults:2 | Reached XP level 21. HP: 141/141 MP: 32/32
 42200 | Vaults:2 | Identified the Catalogue of Moulding
 42319 | Vaults:2 | Identified the Incunabulum of Poisoning
 42558 | Vaults:2 | Identified the Grimoire of the Snowflakes
 42789 | Vaults:2 | Identified the Almanac of the Voyage
 44244 | Vaults:3 | Paralysed by a great orb of eyes for 4 turns
 44255 | Vaults:3 | Noticed Aizul
 44271 | Vaults:3 | Killed Aizul
 44630 | Vaults:3 | Reached skill level 10 in Armour
 45172 | Vaults:3 | Noticed a bone dragon
 45192 | Vaults:3 | Killed a bone dragon
 45193 | Vaults:3 | Found a staircase to the Crypt.
 45513 | Vaults:4 | Reached skill level 15 in Crossbows
 45889 | Vaults:4 | Reached XP level 22. HP: 145/147 MP: 33/33
 46401 | Vaults:4 | Found Kapezoi's Distillery.
 46414 | Vaults:4 | Bought a potion of might for 64 gold pieces
 46414 | Vaults:4 | Bought a potion of curing for 48 gold pieces
 46414 | Vaults:4 | Bought a potion of agility for 64 gold pieces
 46414 | Vaults:4 | Bought a potion of agility for 64 gold pieces
 47133 | Vaults:4 | Noticed Jory
 47161 | Vaults:4 | Killed Jory
 48120 | Elf:3    | Reached skill level 18 in Maces & Flails
 48557 | Elf:3    | Cast into level 2 of the Abyss (a deep elf sorcerer)
 48559 | Abyss:2  | Found a corrupted altar of Lugonu.
 48857 | Abyss:2  | Reached skill level 19 in Maces & Flails
 48864 | Abyss:2  | Paralysed by accursed screaming for 1 turns
 48865 | Abyss:2  | HP: 5/147 [very large slime creature (26)]
 48868 | Abyss:2  | Killed from afar by a starcursed mass

Skill      XL: |  1  2  3  4  5  6  7  8  9 10 11 12 13 14 15 16 17 18 19 20 21 22 |
---------------+-------------------------------------------------------------------+-----
Maces & Flails | 3 4 5 6 8 12 14 15 17 19 | 19.0
Fighting       | 5 6 8 10 12 16 18 | 18.0
Dodging        | 3 7 10 12 | 12.3
Shields        | 5 11 12 15 17 | 17.2
Armour         | 7 10 | 10.1
Crossbows      | 7 11 12 14 15 17 | 17.0
Invocations    | 10 12 15 | 15.1
Evocations     | 2 5 |  5.2

Action                   |  1- 3 |  4- 6 |  7- 9 | 10-12 | 13-15 | 16-18 | 19-21 | 22-24 || total
-------------------------+-------+-------+-------+-------+-------+-------+-------+-------++-------
Melee: Flail             |   155 |   138 |   308 |   825 |  1144 |  1150 |  1763 |   554 ||  6037
       Morningstar       |       |       |       |       |    10 |       |       |       ||    10
       Hand crossbow     |       |       |       |       |       |     1 |       |       ||     1
 Fire: Hand crossbow     |       |       |       |       |   103 |   725 |   296 |    39 ||  1163
Throw: Javelin           |       |       |       |       |     1 |       |     5 |       ||     6
Invok: Slouch            |       |       |       |       |     4 |     9 |    19 |     9 ||    41
Evoke: Wand              |       |       |       |       |     6 |       |     3 |       ||     9
  Use: Scroll            |     8 |     7 |     6 |    15 |    24 |    19 |    14 |     6 ||    99
       Potion            |       |     2 |     8 |     2 |    15 |     6 |     8 |     6 ||    47
 Stab: Paralysed         |     2 |       |       |       |       |       |     6 |       ||     8
       Invisible         |     1 |       |       |       |       |       |     2 |       ||     3
       Confused          |       |       |       |       |       |     1 |       |       ||     1
       Distracted        |       |       |       |       |       |       |       |     1 ||     1
  Eat: Ration            |     1 |     2 |     5 |     6 |     6 |     6 |     7 |     3 ||    36
Armor: Scale mail        |   132 |    66 |   122 |   299 |   456 |   579 |   474 |   133 ||  2261
       Skin              |       |       |       |       |     3 |       |       |       ||     3
Dodge: Dodged            |    57 |    32 |   100 |   441 |   633 |  1138 |  1197 |   356 ||  3954
Block: Shield            |   145 |   110 |   253 |  1109 |  1931 |  2681 |  2946 |   846 || 10021
       Reflection        |       |       |       |       |   110 |    26 |   157 |    44 ||   337
